Cogmind - Beta 15 @@@ ROGUE MODE // 2025.06.01 @ 13:25:34 Player: Togure Result: Self-destructed Performance ------------- Evolutions (2) 1000 Regions Visited (4) 800 Robots Destroyed (39) 195 Value Destroyed (726) 726 Prototype IDs (0) 0 Alien Tech Used (0) 0 Bonus (0) 0 TOTAL SCORE: 2721 Bonus ------- None Cogmind --------- Core Integrity 266/550 Matter 300/300 Energy 100/100 System Corruption 0% Temperature Cool (0) Movement Core (1700) Ox33 Location -8/Materials Parts ------- > --- POWER (1) -------- (None) > --- PROPULSION (4) --- (None) > --- UTILITY (4) ------ Large Storage Unit Huge Storage Unit Signal Interpreter > --- WEAPON (2) ------- (None) > --- INVENTORY (25) --- Aluminum Leg Aluminum Leg Improved Aluminum Leg Wheel Visual Processing Unit Targeting Computer Light Armor Plating Faulty Heavy EM Shotgun Beamcaster Heavy Assault Rifle Rocket Launcher Peak State ------------ > --- POWER ------------ Light Nuclear Core > --- PROPULSION ------- Light Treads Light Treads > --- UTILITY ---------- Heat Sink Large Storage Unit Huge Storage Unit Sensor Array > --- WEAPON ----------- Beamcaster Beam Cannon > --- INVENTORY -------- Aluminum Leg Aluminum Leg Large Storage Unit Small Battery High-capacity Matter Pod Visual Processing Unit Signal Interpreter Terrain Scanner Targeting Computer ECM Suite Light Armor Plating Beam Rifle Beam Cannon Heavy Assault Rifle Rocket Launcher Flail [Rating: 17] Favorites ----------- Power Light Ion Engine Engine Light Ion Engine Power Core Light Nuclear Core Propulsion Compact Wheel Treads Light Treads Leg Aluminum Leg Wheel Compact Wheel Utility Large Storage Unit Device Sensor Array Storage Large Storage Unit Processor Signal Interpreter Weapon Heavy Assault Rifle Energy Gun Beamcaster Energy Cannon Beam Cannon Ballistic Gun Heavy Assault Rifle Build | -11 -10 -10 -9 -8 ------- Run | Yrd Mat Min Mat Mat Slots Evolved 4 | . . . 2 2 Power . | . . . . . Propulsion 2 | . . . 2 . Utility 2 | . . . . 2 Weapon . | . . . . . Parts Attached 32 | 6 10 . 10 6 Power 5 | 1 1 . 2 1 Engine 4 | 1 1 . 2 . Core 1 | . . . . 1 Reactor . | . . . . . Propulsion 9 | 2 3 . 4 . Treads 2 | . . . 2 . Leg 4 | 2 . . 2 . Wheel 3 | . 3 . . . Hover . | . . . . . Flight . | . . . . . Utility 9 | 1 4 . . 4 Device 3 | . . . . 3 Storage 5 | 1 4 . . . Processor 1 | . . . . 1 Hackware . | . . . . . Protection . | . . . . . Artifact . | . . . . . Weapon 9 | 2 2 . 4 1 Energy Gun 2 | . . . 1 1 Energy Cannon 1 | . . . 1 . Ballistic Gun 6 | 2 2 . 2 . Ballistic Cannon . | . . . . . Launcher . | . . . . . Special Weapon . | . . . . . Impact Weapon . | . . . . . Slashing Weapon . | . . . . . Piercing Weapon . | . . . . . Special Melee Weapon . | . . . . . Unidentified Prototypes . | . . . . . Parts Lost 15 | . . . 8 7 Power 2 | . . . 1 1 Propulsion 6 | . . . 4 2 Utility 2 | . . . . 2 Weapon 5 | . . . 3 2 Highest Loss Streak 4 | . . . 4 3 To Critical Strikes . | . . . . . Average Backups 16 | 1 11 19 19 11 Power . | . 1 1 . . Propulsion 2 | . 2 3 2 2 Utility 7 | . 4 8 10 5 Weapon 5 | . 2 6 5 3 Tool/Special . | . . . . . Unused Backups 16 | . 3 . . 13 Power . | . . . . . Propulsion 1 | . . . . 1 Utility 8 | . 1 . . 7 Weapon 7 | . 2 . . 5 Tool/Special . | . . . . . Average Slot Usage (%) 85 | . 99 100 72 68 Engine 11 | . 14 14 10 2 Treads 3 | . . . 2 16 Leg 4 | . 1 . 12 . Wheel 14 | . 26 28 3 . Storage 24 | . 27 28 22 18 Energy Gun 3 | . . . 5 8 Energy Cannon 3 | . . . 5 6 Ballistic Gun 17 | . 28 28 10 . Peak Build Rating 17 | 6 11 11 14 17 Average Rating 11 | 4 8 11 11 13 On Entrance 8 | . 6 11 11 13 Naked Turns . | . . . . . Heaviest Build 115 | 11 109 109 111 115 Greatest Support 40 | 20 32 32 40 40 Greatest Overweight (x) 35 | 1 3 3 11 35 Average Overweight (x) 2 | . 1 3 5 2 Largest Inventory Capacity 25 | 8 25 25 25 25 Average Capacity 22 | 7 16 25 25 25 Most Carried 22 | 4 17 20 22 20 Average Carried 16 | 1 11 19 19 11 Final Capacity 25 | 8 25 25 25 25 Final Carried 20 | 2 17 20 19 11 Class Distribution -------------------- 90% | Mutant 9% | Scavenger-Mutant Dominant Class ---------------- Mutant | -10/Materials Mutant | -10/Mines Mutant | -9/Materials Mutant | -8/Materials Resources | -11 -10 -10 -9 -8 ----------- Run | Yrd Mat Min Mat Mat Matter Collected 837 | 210 151 109 302 65 Remotely . | . . . . . Salvage Created 890 | . 151 71 460 208 Parts 88 | . 17 9 41 21 Haulers Intercepted . | . . . . . Recyclers Shooed 1 | . . . 1 . Parts Field Recycled . | . . . . . Retrieved Matter . | . . . . . Parts Self-Destructed . | . . . . . Prevented . | . . . . . Kills | -11 -10 -10 -9 -8 ------- Run | Yrd Mat Min Mat Mat Combat Hostiles Destroyed 38 | . 6 6 15 11 Guns 35 | . 6 6 15 8 Cannons 3 | . . . . 3 Classes Destroyed 5 | . 3 . 1 1 Watcher 1 | . 1 . . . Swarmer 28 | . 4 6 8 10 Grunt 5 | . 2 . 3 . Duelist 1 | . . . . 1 Sentry 4 | . . . 4 . Best Kill Streak 6 | . 3 3 4 6 Combat Bots Only 6 | . 3 3 4 6 Max Kills in Single Turn 1 | . 1 1 1 1 Gunslinging . | . . . . . Exploded . | . . . . . Melee . | . . . . . Uniques/NPCs Destroyed . | . . . . . Combat | -11 -10 -10 -9 -8 -------- Run | Yrd Mat Min Mat Mat Hostile Shots Fired 328 | . 26 23 155 124 Missed 90 | . 8 6 46 30 Hits 238 | . 18 17 109 94 Melee 3 | . . . . 3 Projectile 235 | . 18 17 109 91 AOE 1 | . . . 1 . Critical Strikes 7 | . . 1 5 1 Damage Taken 2535 | . 146 143 1187 1059 Core 507 | . 28 32 163 284 Absorbed by Shields . | . . . . . Core Remaining (%) 78 | 100 . 76 59 . Volleys Fired 83 | . 13 8 39 23 Largest 2 | . 2 2 2 2 Hottest 135 | . 46 46 135 135 Shots Fired 154 | . 26 16 78 34 Gun 136 | . 26 16 71 23 Cannon 18 | . . . 7 11 Launcher . | . . . . . Special . | . . . . . Kinetic 106 | . 26 16 64 . Thermal 48 | . . . 14 34 Explosive . | . . . . . Electromagnetic . | . . . . . Robot Hit Streak 11 | . 3 6 11 5 Robot Miss Streak 5 | . 3 1 5 3 Penetration Max . | . . . . . Secondary Targets 4 | . 2 . 2 . Max Gunslinging Chain 1 | . 1 . 1 . Shots Hit Robots 87 | . 12 11 46 18 Core Hits 48 | . 9 6 19 14 Critical Kills . | . . . . . Critical Parts Destroyed . | . . . . . Critical Strikes 6 | . . . 3 3 Burn 6 | . . . 3 3 Melee Attacks . | . . . . . Impact . | . . . . . Slashing . | . . . . . Piercing . | . . . . . Sneak Attacks . | . . . . . Combat Hostiles . | . . . . . Follow-up Attacks . | . . . . . Damage Inflicted 1369 | . 139 165 739 326 Guns 1266 | . 139 165 688 274 Cannons 103 | . . . 51 52 Explosions . | . . . . . Melee . | . . . . . Ramming . | . . . . . Kinetic 886 | . 139 165 582 . Thermal 483 | . . . 157 326 Explosive . | . . . . . Electromagnetic . | . . . . . Impact . | . . . . . Slashing . | . . . . . Piercing . | . . . . . Highest Corruption . | . . . . . Average Corruption . | . . . . . Corruption Purged . | . . . . . Corruption Blocked . | . . . . . Overload Shots . | . . . . . Overflow Damage . | . . . . . Projectiles . | . . . . . Explosions . | . . . . . Melee . | . . . . . Knockbacks . | . . . . . Impact . | . . . . . Kinetic . | . . . . . Secondary . | . . . . . Self-Inflicted Damage . | . . . . . Shots . | . . . . . Rammed . | . . . . . Targets Rammed . | . . . . . Kicked . | . . . . . Crushed . | . . . . . Highest Temperature 315 | . 1 . 294 315 Average Temperature 82 | . 1 . 91 78 Received Heat Transfer 642 | . 12 . 351 279 Siege Activations . | . . . . . Martial Activations . | . . . . . Shielding Activations . | . . . . . Robots Disrupted . | . . . . . Combat Hostiles . | . . . . . Robots Corrupted . | . . . . . Combat Hostiles . | . . . . . Parts Fried . | . . . . . Impact Corruptions . | . . . . . Robots Melted . | . . . . . Combat Hostiles . | . . . . . Parts Melted 4 | . . . 2 2 Heat Transferred 1480 | . . . 518 962 Parts Sabotaged . | . . . . . Parts Stolen . | . . . . . Parts Stripped . | . . . . . Power Chain Reactions . | . . . . . Alert | -11 -10 -10 -9 -8 ------- Run | Yrd Mat Min Mat Mat Maximum Alert Level 1 | . . . . 1 Low Security (%) 99 | 100 100 100 100 98 Level 1 . | . . . . 1 Level 2 . | . . . . . Level 3 . | . . . . . Level 4 . | . . . . . Level 5 . | . . . . . High Security . | . . . . . Max Security . | . . . . . Peak Influence 207 | . 60 109 110 207 Initial 13 | . . 13 . . Average 26 | . 14 23 29 45 Influence Increases 1207 | . 198 196 447 366 Destroy 0b10 Robot/C 760 | . 120 120 300 220 Destroy 0b10 Robot/NC 5 | . 5 . . . Destroy Leader 142 | . 12 20 70 40 Allied During Kill 11 | . . 11 . . Disable Machine 30 | . . 15 . 15 Destroy Structure 4 | . 1 . 2 1 Lose Combat Pursuer 255 | . 60 30 75 90 Influence Decreases 1054 | . 164 230 447 213 Entered New Map 21 | . . 21 . . Time Decay 873 | . 164 189 367 153 Lost Part 140 | . . . 80 60 Lost Ally 20 | . . 20 . . Squads Dispatched 2 | . 1 . . 1 Investigation 2 | . 1 . . 1 Extermination . | . . . . . Reinforcement . | . . . . . Assault . | . . . . . Garrison . | . . . . . Intercept . | . . . . . Searches Triggered . | . . . . . Construction Impeded . | . . . . . Haulers Reinforced . | . . . . . Active Scanning Responses . | . . . . . Cargo Convoy Interrupts . | . . . . . Stealth | -11 -10 -10 -9 -8 --------- Run | Yrd Mat Min Mat Mat Distress Signals 8 | . 3 . 3 2 Communications Jammed . | . . . . . Distress Signals . | . . . . . Times Spotted 73 | . 18 7 25 23 Peak Tracking Total 9 | . 5 3 4 9 Tactical Retreats 11 | . 3 2 4 2 Traps | -11 -10 -10 -9 -8 ------- Run | Yrd Mat Min Mat Mat Traps Triggered 2 | . 1 . . 1 Indirectly . | . . . . . Trap Hack Attempts . | . . . . . Triggered . | . . . . . Disarmed . | . . . . . Reprogrammed . | . . . . . Reused . | . . . . . Traps Extracted . | . . . . . Installed . | . . . . . Triggered . | . . . . . Machines | -11 -10 -10 -9 -8 ---------- Run | Yrd Mat Min Mat Mat Machines Disabled 2 | . . 1 . 1 Max in Single Turn 1 | . . . . 1 Machines Repaired . | . . . . . Machines Dismantled . | . . . . . Machines Sabotaged . | . . . . . Overloaded Fab Kills . | . . . . . Hacking | -11 -10 -10 -9 -8 --------- Run | Yrd Mat Min Mat Mat Machines Accessed 2 | . 1 . 1 . Terminals 2 | . 1 . 1 . Fabricators . | . . . . . Repair Stations . | . . . . . Recycling Units . | . . . . . Scanalyzers . | . . . . . Garrison Access . | . . . . . Total Hacks 3 | . 2 . 1 . Successful 3 | . 2 . 1 . Failed . | . . . . . Catastrophic . | . . . . . Database Lockouts . | . . . . . Manual . | . . . . . Terminals 3 | . 2 . 1 . Fabricators . | . . . . . Repair Stations . | . . . . . Recycling Units . | . . . . . Scanalyzers . | . . . . . Garrison Access . | . . . . . Terminal Hacks 3 | . 2 . 1 . Record 2 | . 1 . 1 . Alert Level 1 | . 1 . . . Fabricator Hacks . | . . . . . Repair Station Hacks . | . . . . . Recycling Unit Hacks . | . . . . . Scanalyzer . | . . . . . Garrison Access Hacks . | . . . . . Unauthorized Hacks . | . . . . . Terminals . | . . . . . Fabricators . | . . . . . Repair Stations . | . . . . . Recycling Units . | . . . . . Scanalyzers . | . . . . . Garrison Access . | . . . . . Data Cores Recovered . | . . . . . Used . | . . . . . Hacking Detections . | . . . . . Full Trace Events . | . . . . . Feedback Events . | . . . . . Feedback Blocked . | . . . . . Robot Schematics Acquired . | . . . . . Robots Built . | . . . . . Authchips . | . . . . . Time . | . . . . . Total Robot Build Rating . | . . . . . Part Schematics Acquired . | . . . . . Parts Built . | . . . . . Authchips . | . . . . . Time . | . . . . . Total Part Build Rating . | . . . . . Parts Repaired . | . . . . . Time . | . . . . . Parts Recycled . | . . . . . Recycled Matter . | . . . . . Retrieved Matter . | . . . . . Retrieved Components . | . . . . . Parts Scanalyzed . | . . . . . Part Schematics Acquired . | . . . . . Parts Damaged . | . . . . . Bothacking | -11 -10 -10 -9 -8 ------------ Run | Yrd Mat Min Mat Mat Used RIF Installer . | . . . . . Robots Hacked . | . . . . . Non-combat . | . . . . . Combat . | . . . . . Robot Hacks Applied . | . . . . . Relay Couplers Released . | . . . . . Fabnet Peak Effective % . | . . . . . Robots Rewired . | . . . . . Allies Hacked . | . . . . . Hacks Repelled . | . . . . . Allies | -11 -10 -10 -9 -8 -------- Run | Yrd Mat Min Mat Mat Total Allies 2 | . . 2 . . Largest Group 2 | . . 2 . . Highest-Rated Group 36 | . . 36 . . Highest-Rated Ally 31 | . . 31 . . Total Orders . | . . . . . Ally Attacks 6 | . . 6 . . Total Damage 43 | . . 43 . . Kills . | . . . . . Allies Corrupted . | . . . . . Allies Melted . | . . . . . Intel | -11 -10 -10 -9 -8 ------- Run | Yrd Mat Min Mat Mat Active Infowar (turns) 252 | . . . . 252 Sensors 252 | . . . . 252 Robot Analysis Total . | . . . . . Derelict Logs Recovered 2 | . . 2 . . Drone Launches . | . . . . . Drone Recoveries . | . . . . . Exploration | -11 -10 -10 -9 -8 ------------- Run | Yrd Mat Min Mat Mat Turns Passed 3503 | 69 744 935 1286 469 Spaces Moved 1553 | 49 478 609 309 108 Core 12 | 11 . . . 1 Treads 160 | . . . 53 107 Legs 169 | 38 12 . 119 . Wheels 1212 | . 466 609 137 . Hover . | . . . . . Flight . | . . . . . Fastest Speed 50 | 50 100 145 145 320 Average Speed 193 | 114 118 145 363 349 Slowest Speed 1800 | 120 190 145 890 1800 Overloaded Moves . | . . . . . Propulsion Burnouts . | . . . . . Robots Hopped . | . . . . . Potential Cave-ins . | . . . . . Cave-ins Triggered . | . . . . . Exploration Rate (%) 42 | 4 67 98 32 12 Regions Visited 4 Branch Regions 1 Pre-discovered Areas 1 | . . 1 . . Known Exits Taken 1 | . . . 1 . Unknown Exits Taken 3 | 1 1 1 . . Scrap Searched 1 | . . 1 . . Spaces Dug . | . . . . . Terrain Destroyed . | . . . . . Melee . | . . . . . Projectile . | . . . . . AOE . | . . . . . Terrain Rammed . | . . . . . Walls Destroyed . | . . . . . Machines Disabled . | . . . . . Actions | -11 -10 -10 -9 -8 --------- Run | Yrd Mat Min Mat Mat Total 1907 | 62 635 645 397 168 Wait 169 | . 103 26 25 15 Move 1549 | 48 477 608 308 108 Hop . | . . . . . Pick Up 48 | 8 23 3 9 5 Fast Attach . | . . . . . Attach 20 | 6 1 . 10 3 Detach 1 | . . . 1 . Swap 16 | . 9 . 3 4 Drop 21 | . 9 . 2 10 Fire 83 | . 13 8 39 23 Melee . | . . . . . Ram . | . . . . . Kick . | . . . . . Crush . | . . . . . Escape Stasis . | . . . . . Rewire . | . . . . . Trap . | . . . . . Miscellaneous . | . . . . . Route ------- -11/Scrapyard -10/Materials (discovered 4 exits: *Mat x2 / [*Min x2]) -10/Mines (discovered 2 exits: *Mat x2) -9/Materials (discovered 2 exits: *Mat x2) -8/Materials (discovered 1 exit: [*Sto]) History --------- Turn | Location | Event 8 | -11/Scrapyard | Discovered new exit (range 16) 70 | -11/Scrapyard | Entered Materials 305 | -10/Materials | Build established: Mutant 359 | -10/Materials | Discovered new exit (range 5) 509 | -10/Materials | Discovered new exit (range 8) 593 | -10/Materials | Discovered new exit (range 15) 723 | -10/Materials | Discovered new exit (range 12) 814 | -10/Materials | Entered Mines 909 | -10/Mines | Learned location of Zion (-7) 944 | -10/Mines | Learned location of 1 exit from Materials 1008 | -10/Mines | Received a Rocket Launcher from a helpful Derelict 1079 | -10/Mines | Discovered new exit (range 11) 1114 | -10/Mines | Discovered new exit (range 10) 1749 | -10/Mines | Entered Materials 1749 | -9/Materials | Evolved 2 slots: Propulsion x2 1750 | -9/Materials | Identified exit to Materials 2376 | -9/Materials | Lost 4 parts (2n2w) 2955 | -9/Materials | Discovered exit to Materials (range 15) 3035 | -9/Materials | Entered another Materials area 3035 | -8/Materials | Evolved 2 slots: Utility x2 3035 | -8/Materials | Discovered new exit (range 8) 3174 | -8/Materials | Build established: Scavenger-Mutant 3502 | -8/Materials | Core integrity fell below 50% 3503 | -8/Materials | Build established: Mutant 3504 | -8/Materials | Self-destructed Last Messages --------------- 03434_ K-01 Serf collects debris. 03434_ Flight Unit melted. 03434_ S-10 Pest destroyed. 03435_ K-01 Serf collects debris. 03436_ K-01 Serf destroyed. 03436_ S-10 Pest destroyed. 03437_ K-01 Serf collects debris. 03455_ Acquired Wheel. 03455_ K-01 Serf cleans the Matter Filter. 03463_ K-01 Serf collects debris. 03467_ K-01 Serf cleans the Matter Filter. 03471_ K-01 Serf collects debris. 03472_ Matter Filter disabled. 03474_ Lgt. Treads destroyed. 03474_ K-01 Serf collects debris. 03480_ Beam Rifle destroyed. 03480_ K-01 Serf collects debris. 03489_ Lgt. Nuclear Core destroyed. 03492_ R-06 Scavenger collects Lgt. Assault Rifle. 03501_ K-01 Serf collects debris. Map ----- +----------------------------------------------------+ | ????????????????????????????# # ## !! | | ????????????????????????????# # ## """ """ | | ????????????????????????????# """ # ## """ """ | | ????????????????????????????# """ + ## """ """ | | ????????????????????????????# """ # ## """ """ | | ????????????????????????????# # ## """ """ | | ??????????????????????############## ## | | ??????????????????????# # ###+###### | | ??????????????????????# =# % #?? | | ??????????????????????# # < #?? | | ??????????????????????# # #?? | | ??????????????????????# ! # #### #?? | | ??????????????????????# #######??# #?? | | ??????????????????????# #????????# #?? | | ??????????????????????########+##+########## +?? | | ?????????????????????????????# # ? | | ?????????????????????######### !# ? | | ?????????????????????? # [[[ #? | | ??????????????????????""""" # """ [[ #?# | | ????????????????????# """"" # """ [[! #?? | | ????????????????????# """""[%# """ #?? | | ?????????????????? # """"" %+%= "" #?? | | ??????????????????? + """""g #% """ ^? | | ????????????????????# """"%gg# ^^ | | ????????????????????# ""k%%!=# ^ | | ????????????????????# gg@=%*# ### ####### ### | | ????????????????????########## #? ????# #?? | | ?????????????????????????????# # ??# #?? | | ????????????????????????????? ## ? ?? #?? | | ?????????????????????????????# #?###?????? #?? | | ?????????????????????????????# #?????????? #?? | | ?????????????????????????????# #?????????? #?? | | ?????????????????????????????? #???????????????? | | ?????????????????????????????? #???????????????? | | ?????????????????????????????? #???????????????? | | ?????????????????????????????? #???????????????? | | ?????????????????????????????? #???????????????? | | ?????????????????????????????? #???????????????? | | ?????????????????????????????? ????????????????? | | ?????????????????????????????????????????????????? | | ?????????????????????????????????????????????????? | | ?????????????????????????????????????????????????? | | ?????????????????????????????????????????????????? | | ?????????????????????????????????????????????????? | | ?????????????????????????????????????????????????? | | ?????????????????????????????????????????????????? | | ?????????????????????????????????????????????????? | | ?????????????????????????????????????????????????? | | ?????????????????????????????????????????????????? | | ?????????????????????????????????????????????????? | +----------------------------------------------------+ Best States ------------- Heat Dissipation 41 Energy Generation 14 Energy Capacity 160 Matter Stores 300 Matter Capacity 300 Sight Range 16 Robot Scan Range 15 Terrain Scan Density 10 Evasion (%) 55 Recoil Reduction 2 Item Schematics ----------------- None Robot Schematics ------------------ None Fabricated ------------ Nothing Repaired ---------- Nothing Alien Tech Used ----------------- None Achievements -------------- None Challenges ------------ None Game ------ Seed ReactiveIntegratedLauncher Manual? 0 Play Time 01:04:03 Cumulative 29.3 hours Start 2025.06.01 @ 06:57:36 End 2025.06.01 @ 13:25:34 Sessions 3 Manual Loads 0 Difficulty Rogue Special Mode None Game No. 56 Rogue 56 Adventurer 0 Explorer 0 Win Type - Total 0 Types 0/0/0/0/0/0/0/0/0/0 Lore% 14 Gallery% 16 Achievement% 19 Wizard Run 0 Options --------- Layout 0 ASCII 0 Keyboard 0 Movement Mouse Keybinds 0 Fullscreen 1 Font 24/Smallcaps Map View 76x50 Zoom Use 0% Tactical HUD 1 Map Filters NONE Filters NONE Steam 1 RUN: 09e966b0-b279-487b-8e71-1a9dd5cbe9f3